 Dungeon Crawl Stone Soup version 0.17-a0-484-g0e03f6a (console) character file.

357 MrRokkomies the Insei (level 6, 0/33 HPs)
             Began as a Vine Stalker Transmuter on Apr 11, 2015.
             Was a Believer of Cheibriados.
             Succumbed to a worker ant's poison
             ... on level 4 of the Dungeon.
             The game lasted 00:09:17 (2556 turns).

MrRokkomies the Insei (Vine Stalker Transmuter)     Turns: 2556, Time: 00:09:18

Health: 0/33       AC:  9    Str: 17    XL:     6   Next: 64%
Magic:  1/10       EV: 11    Int: 19    God:    Cheibriados [**....]
Gold:   206        SH:  0    Dex: 18    Spells: 3 memorised, 3 levels left

rFire  + . .     SeeInvis .       - Unarmed
rCold  . . .     Clarity  .     g - +1 ring mail {rF+}
rNeg   . . .     SustAb   .     (no shield)
rPois  .         Gourm    .     e - +2 hat
rElec  .         Spirit   +     (no cloak)
rCorr  .         Warding  .     (no gloves)
rMut   .         Stasis   .     (no boots)
MR     .....                    (no amulet)
Stlth  +.........               (no ring)
                                k - ring of wizardry

@: lethally poisoned (0 -> -2), very slow, not resistant to hostile
enchantments, very unstealthy
A: fangs 2, regeneration 2, shaggy fur 1, magic shield, antimagic bite, no
device heal 3, rot immunity
a: Bend Time, Renounce Religion


You were on level 4 of the Dungeon.
You worshipped Cheibriados.
Cheibriados was pleased with you.
You were not hungry.

You visited 1 branch of the dungeon, and saw 4 of its levels.

You collected 206 gold pieces.

Inventory:

Hand weapons
 b - a +0 blowgun
Missiles
 c - 12 arrows
 f - 8 poisoned needles
 i - 4 arrows of flame
Armour
 e - a +2 hat (worn)
 g - a +1 ring mail of fire resistance (worn)
Jewellery
 k - a ring of wizardry (left hand)
Magical devices
 s - a wand of draining (11)
Scrolls
 n - a scroll of magic mapping
 p - 3 scrolls of amnesia
 r - a scroll of teleportation
 v - a scroll of enchant weapon
Potions
 m - a potion of brilliance
Books
 d - a book of Changes

   Spells                             Type                      Level
   a - Beastly Appendage              Transmutation                1
   b - Sticks to Snakes               Transmutation                2
   c - Spider Form                    Transmutation/Poison         3
   d - Ice Form                       Ice/Transmutation            4
   e - Blade Hands                    Transmutation                5
Comestibles
 a - 4 bread rations
 h - a royal jelly
 j - 2 beef jerkies
 l - 2 meat rations
 q - a slice of pizza
 t - 4 fruits


   Skills:
 * Level 4.2 Fighting
 - Level 1.5 Dodging
 * Level 5.4 Unarmed Combat
 - Level 2.1 Spellcasting
 - Level 2.0 Transmutations


You had 3 spell levels left.
You knew the following spells:

 Your Spells              Type           Power        Failure   Level  Hunger
a - Beastly Appendage     Trmt           #.....       6%          1    #......
b - Sticks to Snakes      Trmt           #.........   9%          2    ##.....
c - Spider Form           Trmt/Pois      #.........   32%         3    ###....


Dungeon Overview and Level Annotations

Branches:
Dungeon (4/15)
 Temple: D:4-7

Altars:
Cheibriados
Vehumet


Innate Abilities, Weirdness & Mutations

You have extremely sharp teeth.
You heal very quickly.
You are covered in fur (AC +1).
When hurt, damage is shared between your health and your magic reserves.
Your bite disrupts and absorbs the magic of your enemies.
Potions and wands cannot restore your health.
You are immune to rotting.


Message History

The hound misses you.
The worker ant bites you but does no damage.
You feel sick. The hound closely misses you.
You feel sick. The hound bites you but does no damage.
The worker ant bites you.
You are more poisoned.
The worker ant poisons you! The hound barely misses you.
You feel sick.
The worker ant bites you but does no damage.
The hound barely misses you.
You feel sick. The hound bites you.
The worker ant waves its antennae.
The worker ant bites you but does no damage.
You feel sick. The hound bites you but does no damage.
You feel sick. The worker ant closely misses you.
The hound bites you but does no damage.
You feel sick. The hound bites you but does no damage.
The ogre hits you with a giant club!
* * * LOW HITPOINT WARNING * * *
You die...

#.######<#########.##.###.
..........................
#.######..............###. #.#
###########.#..# #. #. #.#
##.#..###. .#. #.# #.........
.#.#####)###### #..#......
.............Z##########..#..###.
.............ah.@............###.
.#....######..O..................
#....# #..#####..........###.
#....# #..# #.####........#
##....# #..# #)# #.....####
....### #..# #†# ###...###. #...#
#..# #.#######.###..
....########..# #.#.....#......
..............# #.#.........#..


You could see an ogre, a hound, a worker ant and a giant gecko skeleton.

Vanquished Creatures
  An ogre (D:4)
  A scorpion (D:4)
  A hound (D:4)
  An iguana (D:4)
  Terence (D:3)
  A worker ant (D:4)
  3 adders
  2 worms
  3 giant geckos (D:2)
  2 oozes
  An orc (D:3)
  5 bats
  A bat skeleton (D:4)
  4 giant cockroaches
  7 goblins
  13 hobgoblins
  4 quokkas (D:4)
  3 ball pythons
  A giant gecko zombie (D:3)
  5 giant newts
  7 jackals
  5 kobolds
  11 rats
83 creatures vanquished.

Notes
Turn   | Place    | Note
--------------------------------------------------------------
     0 | D:1      | MrRokkomies, the Vine Stalker Transmuter, began the quest for the Orb.
     0 | D:1      | Reached XP level 1. HP: 9/9 MP: 4/4
    16 | D:1      | Reached skill level 1 in Fighting
   109 | D:1      | Reached XP level 2. HP: 14/14 MP: 6/6
   500 | D:2      | Reached XP level 3. HP: 12/18 MP: 7/7
   674 | D:2      | Found a snail-covered altar of Cheibriados.
   679 | D:2      | Became a worshipper of Cheibriados the Contemplative
  1008 | D:2      | Learned a level 2 spell: Sticks to Snakes
  1012 | D:2      | Learned a level 3 spell: Spider Form
  1184 | D:3      | Reached XP level 4. HP: 20/23 MP: 8/8
  1299 | D:3      | Reached skill level 4 in Unarmed Combat
  1405 | D:3      | Acquired Cheibriados's first power
  1651 | D:3      | Noticed Terence
  1659 | D:3      | Killed Terence
  1659 | D:3      | Reached XP level 5. HP: 4/28 MP: 1/9
  2137 | D:4      | Reached skill level 5 in Unarmed Combat
  2137 | D:4      | Gained mutation: You heal very quickly. [Vine Stalker growth]
  2137 | D:4      | Reached XP level 6. HP: 33/33 MP: 10/10
  2147 | D:4      | Found a radiant altar of Vehumet.
  2418 | D:4      | Noticed an ogre
  2426 | D:4      | Killed an ogre
  2537 | D:4      | Noticed an ogre
  2555 | D:4      | HP: 1/33 [ogre/giant club (11)]
  2556 | D:4      | Succumbed to a worker ant's poison

Action                   |  1- 3 |  4- 6 || total
-------------------------+-------+-------++-------
Melee: Unarmed           |   130 |   157 ||   287
 Fire: Blowgun           |       |    11 ||    11
 Cast: Beastly Appendage |     1 |     1 ||     2
  Use: Scroll            |     9 |     5 ||    14
       Potion            |     1 |       ||     1
  Eat: Chunk             |     1 |     3 ||     4
